 Dungeon Crawl Stone Soup version 0.30.1 (webtiles) character file.

Game seed: 2892260605388329038

388447 Pepete the Impregnable (level 22, -13/319 HPs)
             Began as a Minotaur Berserker on July 11, 2023.
             Was a High Priest of Trog.
             Mangled by a vault warden
             ... wielding a +1 long sword of electrocution
              (16 damage)
             ... on level 5 of the Vaults on July 12, 2023.
             The game lasted 02:32:35 (98538 turns).

Pepete the Impregnable (Minotaur Berserker)        Turns: 98538, Time: 02:32:37

Health: -13/319    AC: 46    Str: 36    XL:     22   Next: 4%
Magic:  10/21      EV:  6    Int: 10    God:    Trog [*****.]
Gold:   1060       SH: 23    Dex: 16    Spells: 21/21 levels left

rFire   . . .        y - +5 broad axe (heavy)
rCold   . . .        t - +1 kite shield {reflect}
rNeg    . . .        u - +8 orange crystal plate armour {Archmagi, Int+3 Clar}
rPois   +            I - +0 hat {Int+3}
rElec   +            g - +2 cloak
rCorr   +            P - +1 pair of gloves "Munuosch" {+Inv Regen+ Slay+3}
SInv    +            N - +0 pair of boots
Will    .....        m - amulet of reflection Stlth
                     A - ring "Ojar" {Contam Fly rCorr Str+7 Int+6}
HPRegen 1.53/turn    i - ring of Jovoritu {rElec rPois Int-4 Dex+4 SInv}
MPRegen 0.17/turn

%: reflection, clarity, archmagi
@: mighty, berserking, weak-willed, marked, flying, constricted, studying
Polearms, very quick
A: horns 2, retaliatory headbutt, dopey 1, weak 1, inability to read after
injury 1
}: 2/15 runes: decaying, gossamer
a: Renounce Religion, Evoke Invisibility, Berserk, Trog's Hand, Brothers in Arms


You were on level 5 of the Vaults.
You worshipped Trog.
Trog was extremely pleased with you.
You visited 7 branches of the dungeon, and saw 38 of its levels.
You visited 1 bazaar.
You also visited: Ossuary and Desolation.

You collected 6017 gold pieces.
You spent 4957 gold pieces at shops.

Inventory:

Hand Weapons
 l - a +1 vampiric war axe
 y - a +5 heavy broad axe (weapon)
 J - a +2 spectral demon whip
 K - a +0 demon blade
 M - a +5 broad axe of flaming
 Y - a +2 demon trident of electrocution
Missiles
 a - 5 javelins
 e - 4 silver javelins
 n - a throwing net
 S - 13 curare-tipped darts (quivered)
 U - 33 poisoned darts
Armour
 g - a +2 cloak (worn)
 t - a +1 kite shield of reflection (worn)
 u - the +8 orange crystal plate armour (worn) {Archmagi, Int+3 Clar}
   (You found it in the Desolation of Salt)

   Int:       It affects your intelligence (+3).
   Clar:      It protects you from confusion, rage, mesmerisation and fear.
 I - a +0 hat of intelligence (worn)
 N - a +0 pair of boots (worn)
 P - the +1 pair of gloves "Munuosch" (worn) {+Inv Regen+ Slay+3}
   (You found it on level 4 of the Spider Nest)

   Slay:      It affects your accuracy & damage with ranged weapons and melee
   (+3).
   +Inv:      It lets you turn invisible.
   Regen:     It increases your rate of health regeneration.
 X - a +0 tower shield
Jewellery
 c - a +5 ring of evasion
 i - the ring of Jovoritu (right hand) {rElec rPois Int-4 Dex+4 SInv}
   (You bought it in a shop on level 2 of the Orcish Mines)

   [ring of see invisible]

   Int:       It affects your intelligence (-4).
   Dex:       It affects your dexterity (+4).
   rElec:     It insulates you from electricity.
   rPois:     It protects you from poison.
   SInv:      It lets you see invisible.
 m - an amulet of reflection (around neck)
 A - the ring "Ojar" (left hand) {Contam Fly rCorr Str+7 Int+6}
   (You bought it in a shop on level 2 of the Orcish Mines)

   [ring of intelligence]

   Str:       It affects your strength (+7).
   Int:       It affects your intelligence (+6).
   Fly:       It grants you flight.
   Contam:    It causes magical contamination when unequipped.
   rCorr:     It protects you from acid and corrosion.
 H - a +6 ring of strength
Wands
 k - a wand of iceblast (32)
 p - a wand of digging (5)
 r - a wand of flame (12)
 B - a wand of light (17)
 E - a wand of mindburst (29)
 T - a wand of polymorph (28)
 V - a wand of charming (42)
Scrolls
 d - a scroll of enchant armour
 f - 4 scrolls of magic mapping
 o - 6 scrolls of teleportation
 s - 6 scrolls of fear
 w - 4 scrolls of enchant weapon
 z - 2 scrolls of silence
 C - 5 scrolls of fog
 F - 3 scrolls of brand weapon
 L - 5 scrolls of blinking
 W - 2 scrolls of poison
 Z - 24 scrolls of identify
Potions
 b - 5 potions of magic
 h - 20 potions of curing
 j - 2 potions of invisibility
 q - 6 potions of ambrosia
 v - 2 potions of haste
 x - 2 potions of resistance
 D - 11 potions of flight
 G - 3 potions of cancellation
 Q - 2 potions of might


   Skills:
 + Level 21.3 Fighting
 + Level 23.2 Axes
 * Level 8.7 Throwing
 - Level 24.5 Armour
 - Level 2.1 Dodging
 + Level 24.5 Shields
 - Level 5.8 Evocations


You had 21 spell levels left.
You didn't know any spells.
Your spell library was empty.

Dungeon Overview and Level Annotations

Branches:
Dungeon (15/15)            Temple (0/1) D:7            Lair (5/5) D:11
  Swamp (4/4) Lair:3       Spider (4/4) Lair:2        Slime (0/5) Lair:5
    Orc (2/2) D:9             Elf (3/3) Orc:2        Vaults (5/5) D:14
  Crypt (0/3) Vaults:2     Depths (0/4) D:15        Ossuary (visited)
Desolation (visited)

Altars:
Ashenzari
Gozag
Kikubaaqudgha
Makhleb
Nemelex Xobeh
Qazlal
Ru
Sif Muna
Vehumet
Wu Jian
Xom
Yredelemnul
Jiyva

Shops:
D:8 *   D:9 (   D:10 (   D:15 (   Orc:2 [[!=[   Elf:3 :[   Vaults:1 (
Vaults:4 **

Annotations:
D:3 2 transporters, Babbit's ghost, amateur MiFi
D:8 3 runed translucent doors, chickenninja42's ghost, novice MiCK
D:10 1 runed translucent door
Lair:2 3 runed translucent doors, cdecastro's ghost, journeyman HOFi
Spider:1 3 runed translucent doors, Rukkas's ghost, journeyman MiFi
Elf:1 1 runed translucent door
Vaults:2 2 transporters


Innate Abilities, Weirdness & Mutations

You have a pair of horns on your head.
You reflexively headbutt those who attack you in melee.
You are dopey. (Int -2)
You are weak. (Str -2)
You occasionally lose the ability to read scrolls when taking damage.


Message History

The alligator seems to grow stronger.
The deep elf demonologist casts a spell.
The vault warden hits you with a +1 long sword of electrocution.
* * * LOW HITPOINT WARNING * * *
You block the vault guard's attack.
The vault guard hits you but does no damage.
The deep elf annihilator barely misses you.
A war gargoyle comes into view. It is wielding a +0 flail.
The war gargoyle hits you but does no damage.
You slice the ironbound convoker!! You headbutt the ironbound convoker!
You kill the ironbound convoker!
Trog accepts your kill.
Trog appreciates your killing of a magic user.
You hit the vault warden.
You hit the war gargoyle but do no damage.
You miss the deep elf annihilator.
You slice the yaktaur captain like a ripe choko!!!
You kill the yaktaur captain!
Trog accepts your kill.
You slice the tentacled monstrosity!! x2; You slash the stone giant!
The tengu reaver hits you but does no damage.
The tentacled monstrosity tentacle-slaps you but does no damage. x2
You block the tentacled monstrosity's attack.
The tentacled monstrosity grabs you.
The tentacled monstrosity constricts you.
* * * LOW HITPOINT WARNING * * *
The stone giant hits you but does no damage.
A vault sentinel comes into view.
It is wielding a +0 morningstar and carrying a wand of charming (5).
The war gargoyle hits you but does no damage.
The deep elf annihilator casts a spell at you.
Your +1 kite shield of reflection blocks the iron shot... and reflects it back!
The iron shot hits the deep elf annihilator!!
You kill the deep elf annihilator!
Trog accepts your kill.
Trog appreciates your killing of a magic user.
You block the tentacled monstrosity's attack.
The tentacled monstrosity tentacle-slaps you but does no damage.
You block the tentacled monstrosity's attack.
The vault warden hits you with a +1 long sword of electrocution!
You die...

#....#....#. #
#......4..C# #.
#....#......
.D9#.......e...
#..c...Q.p...
##..XHCpp.c#.##
.....<9XeQ.....
.C..pQ)@Ce..c..
.....pDXp).....
......pO.ยง.....
...p......#####
.p.........
..t...Wp#..#
p###....#..#
#....#...


You could see 3 tentacled monstrosities, a titan, a golden dragon, a storm
dragon, a sphinx, a stone giant, 2 vault wardens, 3 tengu reavers, 2 yaktaur
captains, an alligator (strong), 5 vault guards, a deep elf death mage, 2
ettins, an ogre mage, a deep elf demonologist, 2 war gargoyles, 2 vault
sentinels, a deep elf high priest, a phantasmal warrior (strong), 2 ironbound
convokers, a yaktaur and an ice devil (summoned).

Vanquished Creatures
  2 dread liches (Vaults:5)
  An ancient lich (Vaults:5)
  Mennas (Vaults:3)
  the Lernaean hydra (Swamp:4)
  Frederick (Vaults:5)
  A golden dragon (Vaults:5)
  Arachne (Spider:3)
  The ghost of theMacoje the Slayer, an adept OgHs of Hepliaklqana (Vaults:4)
  Rupert (Orc:2)
  3 deep elf blademasters
  2 titans
  2 deep elf master archers (Elf:3)
  A thorn hunter (Swamp:4)
  6 sphinxes
  4 tengu reavers
  Donald (Elf:3)
  A storm dragon (Vaults:5)
  Roxanne (Elf:2)
  A fenstrider witch (Swamp:4)
  2 fire giants
  5 deep elf sorcerers
  12 vault wardens
  A frost giant (Vaults:5)
  8 emperor scorpions
  An iron dragon (D:13)
  An imperial myrmidon (Desolation)
  6 ghost moths
  A deep elf elementalist (Elf:3)
  An orc warlord (Orc:2)
  4 stone giants
  A broodmother (Spider:4)
  15 very ugly things
  The ghost of cdecastro the Bludgeoner, a journeyman TrFi of Jiyva (D:13)
  17 ironbound preservers
  4 war gargoyles
  A quicksilver ooze (shapeshifter) (Vaults:5)
  Azrael (D:14)
  8 ironbound thunderhulks
  4 deep elf demonologists (Elf:3)
  5 dire elephants
  7 spark wasps
  8 bunyips
  8 deep elf annihilators
  2 halazid warlocks (Desolation)
  5 eleionomae
  6 ettins
  2 crystal guardians (Desolation)
  8 deep elf death magi (Elf:3)
  Snorg (D:10)
  8 entropy weavers
  4 deep elf high priests
  9 yaktaur captains
  Josephine (Lair:5)
  Erolcha (Orc:2)
  3 great orbs of eyes
  9 ragged hierophants (Desolation)
  10 peacekeepers
  5 servants of whispers (Desolation)
  22 vault guards
  19 hydras
  9 ironbound frosthearts
  4 jorogumos (Spider:3)
  A merfolk avatar (Lair:5)
  9 radroaches
  18 centaur warriors
  A catoblepas (D:14)
  25 dancing weapons
  3 tengu warriors
  3 boulder beetles
  11 alligators
  4 two-headed ogres
  7 orc high priests
  15 deep elf knights
  Nergalle (Lair:3)
  2 skysharks
  4 pharaoh ants
  4 goliath frogs
  Lodul (D:10)
  4 sun moths
  6 spriggan druids
  An orb spider (shapeshifter) (Elf:2)
  3 glowing orange brains
  24 ironbound convokers
  6 wizards
  11 swamp dragons
  15 bog bodies
  3 phantasmal warriors
  10 deep elf archers
  12 steelbarb worms
  29 deep trolls
  A necromancer (Vaults:2)
  2 obsidian statues
  2 orc knights
  5 orb spiders
  5 harpies (Vaults:2)
  14 wolf spiders
  An oklob plant (Lair:2)
  7 lindwurms
  25 deep elf zephyrmancers
  31 ugly things
  27 deep elf pyromancers
  A shining eye (shapeshifter) (D:15)
  3 orc sorcerers
  A will-o-the-wisp (Swamp:4)
  3 manticores
  12 elephants
  A cyclops (D:11)
  2 guardian serpents
  4 moths of wrath
  12 vault sentinels
  A molten gargoyle (Desolation)
  5 black mambas
  10 demonic crawlers
  4 torpor snails
  2 gargoyles
  10 cane toads
  3 unseen horrors
  21 yaktaurs
  12 komodo dragons
  Maggie (D:8)
  3 rime drakes
  An efreet (D:13)
  3 freezing wraiths
  A tengu conjurer (D:14)
  A meliai (D:14)
  2 trolls
  2 bloated husks
  6 tyrant leeches
  7 polar bears
  58 saltlings
  4 wind drakes (Lair:5)
  16 blink frogs
  6 hornets
  25 tarantellas
  2 snapping turtles (Lair:5)
  30 jumping spiders
  24 culicivoras
  47 slime creatures
  5 spriggans
  2 air elementals (Elf:1)
  A water elemental (Elf:1)
  2 centaur simulacra (D:15)
  3 shadows
  2 wyverns
  A yak (shapeshifter) (D:15)
  4 wraiths
  6 fire elementals
  Grum (D:11)
  4 basilisks
  53 yaks
  A steam dragon (Lair:5)
  42 redbacks
  5 wargs (Orc:2)
  8 vampire mosquitoes
  4 acid dragons
  3 hell hounds (D:14)
  22 swamp worms
  13 water moccasins
  16 orc warriors
  An ice beast (D:8)
  3 sky beasts
  10 swamp drakes
  17 ogres
  6 centaurs
  14 wolves
  2 phantoms
  Blork the orc (D:6)
  11 bullfrogs
  5 kobold brigands
  2 gnoll sergeants
  2 scorpions
  5 earth elementals
  5 wights (D:8)
  4 killer bees (D:7)
  11 electric eels
  4 howler monkeys
  3 jellies
  37 orc priests
  2 hounds
  16 orc wizards
  4 iguanas
  8 mummies (Ossuary)
  7 gnolls
  4 adders
  A shadow imp (D:7)
  A white imp (D:5)
  A worm (D:2)
  2 dart slugs (D:1)
  80 orcs
  3 endoplasms
  A giant cockroach (D:3)
  A gnoll zombie (Ossuary)
  7 hobgoblins
  13 jackals
  2 quokkas (D:4)
  4 ball pythons
  A bat (D:2)
  2 frilled lizards (D:2)
  6 goblins
  3 hobgoblin zombies (Ossuary)
  30 kobolds
  A kobold zombie (Ossuary)
  3 orc zombies (Ossuary)
  4 rats
1529 creatures vanquished.

Vanquished Creatures (collateral kills)
  A cane toad (Lair:1)
1 creature vanquished.

Vanquished Creatures (others)
  Asterion (Elf:3)
  A swamp dragon (Swamp:3)
  A will-o-the-wisp (Swamp:4)
  8 bloated husks
  A swamp worm (Swamp:1)
  A fire vortex (Lair:3)
  4 foxfires (Swamp:4)
17 creatures vanquished.

Grand Total: 1547 creatures vanquished

Notes
Turn   | Place    | Note
-------+----------+-------------------------------------------
     0 | D:1      | Pepete the Minotaur Berserker began the quest for the Orb.
     0 | D:1      | Reached XP level 1. HP: 19/19 MP: 0/0
   157 | D:1      | Reached XP level 2. HP: 27/27 MP: 1/1
   435 | D:1      | Reached XP level 3. HP: 33/33 MP: 2/2
   688 | D:2      | Reached ** piety under Trog
   873 | D:2      | Reached XP level 4. HP: 26/41 MP: 3/3
  1251 | D:2      | Found a sacrificial altar of Ru.
  1653 | D:3      | Found a transporter.
  1807 | D:3      | Found a sparkling altar of Nemelex Xobeh.
  1819 | D:3      | Found a shimmering blue altar of Sif Muna.
  1819 | D:3      | Found an ancient bone altar of Kikubaaqudgha.
  1841 | D:3      | Found a shimmering altar of Xom.
  2005 | D:3      | Noticed Babbit's ghost (amateur MiFi)
  2084 | D:3      | Found a transporter.
  3208 | D:5      | Entered Level 5 of the Dungeon
  3209 | D:5      | Noticed a scorpion
  3215 | D:5      | Killed a scorpion
  3216 | D:5      | Reached skill level 5 in Fighting
  3216 | D:5      | Reached skill level 5 in Axes
  3216 | D:5      | Reached XP level 5. HP: 48/48 MP: 4/4
  3250 | D:5      | Reached XP level 6. HP: 33/56 MP: 5/5
  3268 | D:5      | Reached skill level 5 in Armour
  4263 | D:6      | Found an ornate altar of the Wu Jian Council.
  4328 | D:6      | Reached XP level 7. HP: 49/64 MP: 6/6
  4837 | D:6      | Noticed Blork the orc
  4845 | D:6      | Killed Blork the orc
  4845 | D:6      | Reached *** piety under Trog
  5143 | D:6      | Found a sacrificial altar of Ru.
  5224 | D:6      | Reached XP level 8. HP: 73/73 MP: 7/7
  5474 | D:7      | Found a broken altar of Ashenzari.
  5694 | D:7      | Found a staircase to the Ecumenical Temple.
  6309 | D:7      | Reached XP level 9. HP: 82/82 MP: 8/8
  6772 | D:7      | Found a radiant altar of Vehumet.
  7022 | D:8      | Found a runed translucent gate.
  7022 | D:8      | Noticed a manticore
  7023 | D:8      | Found a runed translucent gate.
  7114 | D:8      | Noticed a two-headed ogre
  7194 | D:8      | Noticed chickenninja42's ghost (novice MiCK)
  7249 | D:8      | Noticed Maggie
  7259 | D:8      | Killed Maggie
  7379 | D:8      | Found a sand-covered staircase.
  7389 | Ossuary  | Entered an ossuary
  7749 | Ossuary  | Reached skill level 10 in Fighting
  7763 | Ossuary  | Reached skill level 10 in Axes
  7768 | Ossuary  | Reached **** piety under Trog
  8026 | D:8      | Found a runed translucent gate.
  8038 | D:8      | Found Deedargh's Assorted Antiques.
  8059 | D:8      | Bought 2 scrolls of identify for 80 gold pieces
  8059 | D:8      | Bought a scroll of identify for 40 gold pieces
  8059 | D:8      | Bought a jewelled trident for 170 gold pieces
  8059 | D:8      | Identified the +4 trident "Eviscerator" {vamp, Fragile
                  | rElec rCorr Stlth+} (You bought it in a shop on level 8 of
                  | the Dungeon)
  8078 | D:8      | Found a basalt altar of Yredelemnul.
  8366 | D:9      | Found Pairghy's Weapon Shoppe.
  8606 | D:9      | Reached skill level 10 in Armour
  8610 | D:9      | Reached XP level 10. HP: 94/94 MP: 9/9
  8696 | D:9      | Found a staircase to the Orcish Mines.
  9406 | D:10     | Entered Level 10 of the Dungeon
  9825 | D:10     | Found Epaefe's Antique Weapon Shop.
  9826 | D:10     | Noticed Lodul
  9837 | D:10     | Killed Lodul
 10244 | D:10     | Reached skill level 1 in Shields
 10349 | D:10     | Bought a jewelled flail for 272 gold pieces
 10349 | D:10     | Identified the +8 flail of the Tomato {drain, Fragile
                  | +Blink rN+ Int+4} (You bought it in a shop on level 10 of
                  | the Dungeon)
 10505 | D:10     | Found a runed translucent door.
 10983 | D:10     | Noticed a centaur warrior
 10983 | D:10     | Noticed a six-headed hydra
 10991 | D:10     | Noticed a frost giant
 11044 | D:10     | Noticed Snorg
 11060 | D:10     | Killed Snorg
 11061 | D:10     | Reached XP level 11. HP: 104/104 MP: 10/10
 11677 | D:11     | Noticed Grum
 11698 | D:11     | Killed Grum
 12288 | D:11     | Noticed a purple ugly thing
 12297 | D:11     | Killed a purple ugly thing
 12631 | D:11     | Noticed a green ugly thing
 12651 | D:11     | Killed a green ugly thing
 12889 | D:11     | Found a staircase to the Lair.
 13171 | D:12     | Noticed a purple ugly thing
 13186 | D:12     | Killed a purple ugly thing
 13292 | D:12     | Noticed a centaur warrior
 13294 | D:12     | Reached skill level 10 in Shields
 13299 | D:12     | Killed a centaur warrior
 14067 | D:12     | Identified the +8 mace of the Burning God {pain, *Rage rN+
                  | Dex+3 Stlth+}
 15012 | Lair:1   | Entered Level 1 of the Lair of Beasts
 15074 | Lair:1   | You fall into a shaft and drop 1 floor!
 15126 | Lair:1   | Reached XP level 12. HP: 112/112 MP: 11/11
 15135 | Lair:1   | Reached ***** piety under Trog
 16140 | Lair:2   | Reached skill level 15 in Shields
 17288 | Lair:2   | Found a runed translucent gate.
 17288 | Lair:2   | Found a runed translucent gate.
 17288 | Lair:2   | Found a runed translucent gate.
 17301 | Lair:2   | Noticed cdecastro's ghost (journeyman HOFi)
 17515 | Lair:2   | Found a hole to the Spider Nest.
 17644 | Lair:2   | Noticed a boulder beetle
 17649 | Lair:2   | Noticed a five-headed hydra
 17668 | Lair:1   | Killed an eight-headed hydra
 17722 | Lair:2   | Killed a boulder beetle
 18281 | Lair:3   | Reached XP level 13. HP: 110/117 MP: 12/12
 19463 | Lair:3   | Found a staircase to the Swamp.
 19791 | Lair:3   | Noticed Nergalle
 19800 | Lair:3   | Killed Nergalle
 21550 | Lair:5   | Entered Level 5 of the Lair of Beasts
 22016 | Lair:5   | Received a gift from Trog
 22782 | Lair:5   | Noticed a dire elephant
 22802 | Lair:5   | Killed a dire elephant
 23151 | Lair:5   | Found a viscous altar of Jiyva.
 23152 | Lair:5   | Found a staircase to the Slime Pits.
 23159 | Lair:5   | Reached XP level 14. HP: 125/125 MP: 13/13
 23805 | Lair:5   | Identified the +1 rapier "Gonuteel" {heavy, rC+ Int+2}
 23842 | Lair:5   | Noticed Josephine
 23866 | Lair:5   | Killed Josephine
 24991 | D:13     | Noticed an iron dragon
 25022 | D:13     | Killed an iron dragon
 25484 | D:13     | Found a runed translucent door.
 25485 | D:13     | Noticed cdecastro's ghost (journeyman TrFi)
 25759 | D:13     | Found the +4 consecrated labrys {holy, Valiant Fragile Fly
                  | SInv}
 26356 | D:13     | Killed cdecastro's ghost
 26515 | D:13     | Identified the +1 long sword "Nomupt" {freeze, rF++ rC+
                  | rCorr}
 26554 | D:14     | Noticed Azrael
 26872 | Orc:1    | Entered Level 1 of the Orcish Mines
 26958 | Orc:1    | Found a radiant altar of Vehumet.
 27496 | Orc:2    | Entered Level 2 of the Orcish Mines
 27496 | Orc:2    | Noticed Rupert
 27496 | Orc:2    | Found Faruwu's Distillery.
 27515 | Orc:2    | Paralysed by Rupert for 3 turns
 27519 | Orc:2    | Killed Rupert
 28284 | Orc:2    | Bought a potion of heal wounds for 60 gold pieces
 28284 | Orc:2    | Bought a potion of haste for 120 gold pieces
 28284 | Orc:2    | Bought a potion of haste for 120 gold pieces
 28284 | Orc:2    | Bought a potion of heal wounds for 60 gold pieces
 28516 | Orc:2    | Found Dethax's Armour Shoppe.
 28840 | Orc:2    | Found Gasch's Jewellery Shop.
 28846 | Orc:2    | Received a gift from Trog
 29100 | Orc:2    | Bought the ring "Ojar" {Contam Fly rCorr Str+7 Int+6} for
                  | 777 gold pieces
 29144 | Orc:2    | Found Wefo's Antique Armour Shop.
 29144 | Orc:2    | Found Utuluczu's Armour Shoppe.
 29422 | Orc:2    | Bought an embroidered hat for 210 gold pieces
 29486 | Orc:2    | Found a staircase to the Elven Halls.
 29569 | Orc:2    | Noticed Erolcha
 29580 | Orc:2    | Killed Erolcha
 29806 | Orc:2    | Noticed an orc warlord
 29821 | Orc:2    | Killed an orc warlord
 31401 | D:13     | Identified the +8 hand axe "Sutzutz" {flame, rF+ rN+++
                  | Str+3} (Trog gifted it to you on level 13 of the Dungeon)
 31401 | D:13     | Received a gift from Trog
 32047 | D:14     | Reached XP level 15. HP: 134/134 MP: 14/14
 32050 | D:14     | Killed Azrael
 32791 | D:14     | Found a gate to the Vaults.
 34529 | D:15     | Entered Level 15 of the Dungeon
 36701 | D:15     | Reached skill level 15 in Armour
 36812 | D:15     | Found a staircase to the Depths.
 36887 | D:15     | Found Lesull's Antique Weapon Boutique.
 36895 | D:15     | Bought a shimmering short sword for 192 gold pieces
 36895 | D:15     | Identified the +7 short sword of Hipromoq {flame, *Rage
                  | *Slow Int+4 Dex+8} (You bought it in a shop on level 15 of
                  | the Dungeon)
 37529 | Orc:2    | Bought a pair of embroidered gloves for 225 gold pieces
 37690 | Spider:1 | Entered Level 1 of the Spider Nest
 38433 | Spider:1 | Noticed Rukkas's ghost (journeyman MiFi)
 38434 | Spider:1 | Received a gift from Trog
 38972 | Spider:1 | Found a runed translucent gate.
 38973 | Spider:1 | Found a runed translucent gate.
 38974 | Spider:1 | Found a runed translucent gate.
 39971 | Spider:2 | Reached XP level 16. HP: 138/147 MP: 15/15
 40895 | Spider:2 | Identified the +4 robe of the Forsaken Youths {Int+5}
 42881 | Orc:2    | Bought the ring of Jovoritu {rElec rPois Int-4 Dex+4 SInv}
                  | for 431 gold pieces
 43141 | Spider:3 | Reached skill level 15 in Fighting
 43478 | Spider:3 | Noticed Arachne
 43488 | Spider:3 | Killed Arachne
 43489 | Spider:3 | Reached skill level 15 in Axes
 48603 | Spider:4 | Entered Level 4 of the Spider Nest
 57783 | Spider:4 | Reached XP level 17. HP: 157/157 MP: 16/16
 58164 | Spider:4 | Identified the +1 pair of gloves "Munuosch" {+Inv Regen+
                  | Slay+3}
 58928 | Spider:4 | Got a gossamer rune of Zot
 59757 | Elf:1    | Entered Level 1 of the Elven Halls
 59757 | Elf:1    | Found a runed translucent gate.
 59757 | Elf:1    | Found a runed translucent gate.
 59757 | Elf:1    | Found a runed translucent gate.
 59757 | Elf:1    | Found a runed translucent gate.
 59757 | Elf:1    | Found a runed translucent gate.
 59757 | Elf:1    | Found a runed translucent gate.
 59767 | Elf:1    | Found a runed translucent door.
 59965 | Elf:1    | Identified the +8 plate armour of Rumattud {Harm Slay+2}
 59984 | Elf:1    | Found a runed translucent door.
 60260 | Elf:1    | Identified the +1 flail of Olelim {heavy, rF+ rCorr}
 60309 | Elf:1    | Found a stormy altar of Qazlal.
 60312 | Elf:1    | Paralysed by an air elemental for 1 turns
 60670 | Elf:1    | You are sucked into a shaft and drop 1 floor!
 60686 | Elf:2    | Noticed a deep elf blademaster
 60699 | Elf:2    | Killed a deep elf blademaster
 61132 | Elf:2    | Found a runed translucent gate.
 61133 | Elf:2    | Found a runed translucent gate.
 61134 | Elf:2    | Found a runed translucent gate.
 62185 | Elf:2    | Identified Roxanne's Catalogue of Tephra
 62185 | Elf:2    | Noticed Roxanne
 62210 | Elf:2    | Killed Roxanne
 63291 | Elf:3    | Entered Level 3 of the Elven Halls
 64561 | Elf:3    | Found Gunyust's Antique Armour Shop.
 64569 | Elf:3    | Received a gift from Trog
 64570 | Elf:3    | Reached XP level 18. HP: 158/168 MP: 17/17
 64587 | Elf:3    | Found Ysuidatiyth's Tremendous Tomes.
 64662 | Elf:3    | Noticed Asterion
 64666 | Elf:3    | Killed Asterion
 64667 | Elf:3    | Reached skill level 1 in Evocations
 64697 | Elf:3    | Noticed Donald
 64711 | Elf:3    | Killed Donald
 65658 | Elf:3    | Identified the +0 acid dragon scales "Nuffeguc" {-Tele rC++
                  | rCorr}
 65693 | Elf:3    | Noticed a Tzitzimitl
 66027 | Elf:3    | Noticed a Brimstone Fiend
 67335 | Elf:3    | Gained mutation: You occasionally lose the ability to read
                  | scrolls when taking damage. [a neqoxec]
 67339 | Elf:3    | Gained mutation: You are weak. (Str -2) [a neqoxec]
 67342 | Elf:3    | Noticed a Brimstone Fiend
 67347 | Elf:3    | Gained mutation: You are dopey. (Int -2) [a neqoxec]
 68570 | Elf:3    | Identified the staff of death "Jilyuria" {rN+ Str+3}
 69819 | Swamp:1  | Entered Level 1 of the Swamp
 69913 | Swamp:1  | Found a burning altar of Makhleb.
 69984 | Swamp:1  | Received a gift from Trog
 73334 | Swamp:3  | Reached skill level 5 in Evocations
 74992 | Swamp:4  | Entered Level 4 of the Swamp
 75348 | Swamp:3  | Received a gift from Trog
 76152 | Swamp:3  | Reached XP level 19. HP: 170/179 MP: 18/18
 79186 | Swamp:4  | Noticed the 27-headed Lernaean hydra
 79352 | Swamp:4  | Killed the 24-headed Lernaean hydra
 79817 | Swamp:4  | Identified the +8 chain mail of the Sky {Int+4}
 79857 | Swamp:4  | Got a decaying rune of Zot
 81071 | Vaults:1 | Entered Level 1 of the Vaults
 81115 | Vaults:1 | Identified a scroll of acquirement
 81116 | Vaults:1 | Acquired 1094 gold pieces
 85181 | Vaults:1 | Found Fumep's Weapon Emporium.
 85942 | Vaults:2 | Reached XP level 20. HP: 103/180 MP: 19/19
 86042 | Vaults:2 | Found a flickering gateway to a bazaar.
 86054 | Bazaar   | Entered a bazaar
 86055 | Bazaar   | Found Rorphips's Antique Weapon Emporium.
 86055 | Bazaar   | Found Reihaom's Book Emporium.
 86056 | Bazaar   | Found Purachog's Magic Scroll Boutique.
 86105 | Bazaar   | Found Viotuh's Armour Shop.
 86135 | Bazaar   | Bought a scroll of blinking for 127 gold pieces
 86135 | Bazaar   | Bought a scroll of magic mapping for 127 gold pieces
 86135 | Bazaar   | Bought a scroll of fear for 68 gold pieces
 86135 | Bazaar   | Bought a scroll of teleportation for 51 gold pieces
 86146 | Bazaar   | Bought a blackened long sword for 272 gold pieces
 86146 | Bazaar   | Identified the +1 long sword "Toggas" {pain, Drain rF++
                  | Dex+3} (You bought it in a shop in a bazaar)
 86207 | Vaults:2 | Found a crumbling gateway.
 86219 | Desolati | Entered the Desolation of Salt
 86427 | Desolati | Identified the amulet "Kyjall" {Acrobat rF- rN++ Int+2
                  | Slay-6 Stlth+}
 86429 | Desolati | Received a gift from Trog
 87356 | Desolati | Identified the +9 war axe "Xilisyud" {speed, MP+9}
 87387 | Desolati | Identified the orb of the Heron {guile, rPois rC- Dex+9}
 87895 | Desolati | Found the +8 orange crystal plate armour {Archmagi, Int+3
                  | Clar}
 87903 | Desolati | Identified the +1 robe "Qateod" {Str+2}
 87909 | Desolati | Identified the ring "Hang" {MP+9 Dex+3}
 88872 | Vaults:2 | Found a transporter.
 88911 | Vaults:2 | Found a transporter.
 89742 | Vaults:2 | Found a staircase to the Crypt.
 89742 | Vaults:2 | Found an ancient bone altar of Kikubaaqudgha.
 89742 | Vaults:2 | Found a basalt altar of Yredelemnul.
 89813 | Vaults:2 | Received a gift from Trog
 91823 | Vaults:3 | Noticed Mennas
 91859 | Vaults:3 | Killed Mennas
 91860 | Vaults:3 | Reached skill level 1 in Throwing
 92778 | Vaults:3 | Received a gift from Trog
 92813 | Vaults:3 | Paralysed by a sphinx for 3 turns
 93471 | Vaults:3 | Reached XP level 21. HP: 187/202 MP: 20/20
 94300 | Vaults:4 | Received a gift from Trog
 94828 | Vaults:4 | Reached skill level 5 in Throwing
 95267 | Vaults:4 | Received a gift from Trog
 95390 | Vaults:4 | Found a runed translucent gate.
 95390 | Vaults:4 | Found a runed translucent gate.
 95391 | Vaults:4 | Found a runed translucent gate.
 95392 | Vaults:4 | Found an opulent altar of Gozag.
 95392 | Vaults:4 | Found Tovos's Assorted Antiques.
 95393 | Vaults:4 | Noticed theMacoje's ghost (adept OgHs)
 95394 | Vaults:4 | Found Detzolir's Assorted Antiques.
 95879 | Vaults:4 | Killed theMacoje's ghost
 97974 | Vaults:4 | Bought a scroll of fear for 204 gold pieces
 97974 | Vaults:4 | Bought 2 scrolls of brand weapon for 969 gold pieces
 97974 | Vaults:4 | Bought a scroll of enchant weapon for 382 gold pieces
 98043 | Vaults:5 | Entered Level 5 of the Vaults
 98479 | Vaults:5 | Noticed a dread lich
 98512 | Vaults:5 | Noticed a golden dragon
 98512 | Vaults:5 | Noticed a dread lich
 98514 | Vaults:5 | Noticed an ancient lich
 98518 | Vaults:5 | Killed a dread lich
 98521 | Vaults:5 | Noticed Frederick
 98525 | Vaults:5 | Killed an ancient lich
 98527 | Vaults:5 | Killed a golden dragon
 98533 | Vaults:5 | Killed a dread lich
 98535 | Vaults:5 | Killed Frederick
 98535 | Vaults:5 | HP: 12/306 [deep elf high priest/divine providence (15)]
 98535 | Vaults:5 | Noticed a golden dragon
 98536 | Vaults:5 | Reached XP level 22. HP: 6/213 MP: 10/21
 98537 | Vaults:5 | HP: 3/319 [vault warden/+1 long sword of electrocution (5)]
 98538 | Vaults:5 | Mangled by a vault warden

Illustrated notes

Levels and vault maps discovered:
D:1:      minmay_arrival_three_doors, layout_rooms
D:2:      layout_loops_ring, basic_altar
D:3:      layout_loops_corners, nemelex_xobeh_ov_fountains_minmay,
          nicolae_overflow_hidden_temple, gammafunk_ghost_gnarly_gnolls
D:4:      layout_cave_pods
D:5:      layout_cave_pools, hangedman_abyss_or_decor_slice
D:6:      layout_gridville, mainiacjoe_overflow_paths, lemuel_tele_altar,
          uniq_blork_the_orc
D:7:      layout_rooms, ashenzari_altar_1, mainiacjoe_overflow_chevrons,
          minmay_temple_entry_wispy, minmay_misc_feat_square,
          nicolae_water_bricks, nicolae_underground_beach
D:8:      layout_basic, mainiacjoe_overflow_tiny_flanked, gammafunk_ghost_split,
          nicolae_ossuary_entry_monument, serial_shops, nicolae_shop_trees,
          nicolae_figureground_sparkle, uniq_maggie
D:9:      layout_irregular_city, orc_0_dummy, serial_shops, shop
D:10:     layout_roguey, serial_shops, shop, wad_hexagon, uniq_snorg, uniq_lodul
D:11:     layout_roguey, lair_entry_dummy, nicolae_kite_square_tiling_tiny,
          uniq_grum
D:12:     layout_loops_ring, minmay_door_square
D:13:     layout_grid_maze, ebering_ghost_inner_flame, minivault_14,
          minmay_radiant
D:14:     layout_layer_cave, skrybe_vaults_entry_preservation, uniq_azrael
D:15:     gammafunk_enter_depths_forms, layout_irregular_city,
          chequers_serial_rivers_micro_a, serial_shops, shop,
          kennysheep_crisscross
Lair:1:   layout_misc_corridors, serial_bayou_crossing
Lair:2:   nzn_winding_woodlands_stair_cross
          [nzn_winding_woodlands_5x15_sidewinder,
          nzn_winding_woodlands_center_triple_pond,
          nzn_winding_woodlands_5x15_garden,
          nzn_winding_woodlands_5x5_checkerboard,
          nzn_winding_woodlands_5x5_perimeter,
          nzn_winding_woodlands_5x15_jagged,
          nzn_winding_woodlands_center_diamonds,
          nzn_winding_woodlands_5x15_river_crossing], layout_hall_layers,
          spider_nest_entry_a, portal_ice_cave_entry_pillars_2,
          ebering_ghost_rock_garden
Lair:3:   layout_gridlike, nicolae_swamp_entry_splash_gauntlet, minivault_24,
          uniq_nergalle
Lair:4:   layout_cave_pods, grunt_megastairs_2, infiniplex_staircase_pool
Lair:5:   gammafunk_lair_ancient_temple, layout_regular_city,
          minmay_slime_entry_pillars, lemuel_fruit_tree, serial_bayou_shore_a,
          uniq_josephine
Swamp:1:  layout_basic_swamp, basic_altar
Swamp:2:  layout_basic_swamp, evilmike_swamp_ruin_house_2, swamp_pool1
Swamp:3:  layout_basic_swamp, nicolae_swamp_tree_designs
Swamp:4:  grunt_swamp_rune_castle, layout_basic_swamp
Spider:1: layout_chambers, gammafunk_ghost_split
Spider:2: layout_chambers
Spider:3: nicolae_spider_hilbert_zone_1 [nicolae_spider_hilbert_4_sides_1_open,
          nicolae_spider_hilbert_4_sides_1_open,
          nicolae_spider_hilbert_4_sides_1_open,
          nicolae_spider_hilbert_4_sides_1_open,
          nicolae_spider_hilbert_3_sides_1_open,
          nicolae_spider_hilbert_3_sides_1_open,
          nicolae_spider_hilbert_3_sides_1_open,
          nicolae_spider_hilbert_3_sides_1_open,
          nicolae_spider_hilbert_3_sides_1_open,
          nicolae_spider_hilbert_6_sides_1_open,
          nicolae_spider_hilbert_6_sides_1_open,
          nicolae_spider_hilbert_3_sides_1_open,
          nicolae_spider_hilbert_3_sides_1_open,
          nicolae_spider_hilbert_3_sides_1_open,
          nicolae_spider_hilbert_3_sides_1_open,
          nicolae_spider_hilbert_2_sides_1_open], uniq_arachne
Spider:4: guppyfry_spider_rune
Orc:1:    layout_diamond_mine, serial_shops, basic_altar
Orc:2:    st_orc_town, layout_caves, basic_altar, serial_shops, shop,
          elf_legates, uniq_erolcha, uniq_rupert
Elf:1:    nicolae_elf_arrival_dilemma, layout_gridlike,
          nicolae_trove_entry_crossroad, hangedman_elf_disciples,
          nicolae_elf_altarnating
Elf:2:    nicolae_elf_blades_splatter_lattice [nicolae_blade_bullseye],
          layout_geoelf_diagonals, small_chamber_with_monster,
          lemuel_upstairs_altar, uniq_roxanne
Elf:3:    elf_hall_gauntlet_wide, layout_geoelf_octagon, serial_shops,
          nicolae_shop_pleasant_corner_grove, nicolae_shop_i_like_big_books,
          uniq_donald, uniq_asterion
Vaults:1: v_misc_2, ontoclasm_vaults_gateway, v_misc_28,
          nicolae_vaults_mini_display_case, nicolae_vaults_trapezoid_4,
          nicolae_vaults_more_shelving_1, nicolae_vaults_storage_closets_3,
          nicolae_vaults_taking_the_gang_shopping, nicolae_vaults_statue_guard,
          nicolae_vaults_little_squares_6, grunt_vaults_diagonal,
          vaults_room_stairs_pillars, nicolae_vaults_tetromino_Z_1,
          layout_vaults_ring
Vaults:2: portal_desolation_entry_nicolae_nacl, gammafunk_dig_for_victory,
          minmay_crypt_entry_necro_gods, nicolae_vaults_storage_closets_2,
          vaults_room_stairs_pillars, v_misc_1, nicolae_vaults_six-pack,
          nicolae_vaults_twisting_passages, vaults_room_ringed_pool,
          vaults_room_door_hall, nicolae_vaults_tetromino_Z_2,
          hangedman_vaults_capsules, ontoclasm_vaults_loading_screen,
          nicolae_vaults_diamond_1, vaults_dpeg_encased_lava,
          layout_vaults_omnicross, serial_shops, bzr_entry_water
Vaults:3: nicolae_vaults_ninety_degrees, nicolae_vaults_storage_room_doors,
          v_misc_27, st_octagons_2, grunt_vaults_hallway_short,
          vaults_dpeg_spiral, nicolae_vaults_little_squares_3,
          ontoclasm_vaults_loading_screen, nicolae_vaults_prndl,
          v_alt_pattern_2, nicolae_vaults_double_plus_1,
          layout_vaults_chaotic_city, uniq_mennas
Vaults:4: ebering_ghost_gozag, ontoclasm_vaults_eye, ontoclasm_vaults_fault,
          v_pattern_5, vaults_dpeg_hooks, vaults_room_door_ring,
          grunt_vaults_hallway_long, hangedman_vaults_impose,
          nicolae_vaults_little_squares_4, nicolae_vaults_angled_halls,
          nicolae_vaults_shrinking_rooms_1, nicolae_vaults_border_crossing,
          nicolae_vaults_shipping_containers_1, nicolae_vaults_octothorpe,
          v_misc_24, nicolae_vaults_little_squares_6, nicolae_vaults_spaceships,
          v_misc_33, v_alt_pattern_4, layout_vaults_maze
Vaults:5: uniq_frederick

Skill      XL: |  1  2  3  4  5  6  7  8  9 10 11 12 13 14 15 16 17 18 19 20 21 |
---------------+----------------------------------------------------------------+-----
Axes           | 4 5 6 7 8 10 11 12 14 16 18 20 21 22 23 | 23.2
Fighting       | 4 5 6 7 8 10 11 12 14 15 16 18 19 20 21 | 21.3
Armour         | 3 4 5 6 8 10 11 13 16 18 20 22 24 | 24.5
Shields        | 6 13 17 21 22 23 24 | 24.5
Evocations     | 5 |  5.8
Throwing       | 3 8 |  8.7
Dodging        | |  2.1

Action                     |  1- 3 |  4- 6 |  7- 9 | 10-12 | 13-15 | 16-18 | 19-21 | 22-24 || total
---------------------------+-------+-------+-------+-------+-------+-------+-------+-------++-------
  Melee: Hand axe          |    52 |     5 |       |       |       |       |       |       ||    57
         Headbutt          |     5 |     9 |    39 |   104 |   264 |   224 |   212 |     1 ||   858
         War axe           |       |    89 |   210 |   523 |   555 |       |       |       ||  1377
         Punch             |       |     3 |       |     1 |       |       |       |       ||     4
         Labrys            |       |       |       |       |   597 |   649 |       |       ||  1246
         Battleaxe         |       |       |       |       |       |    12 |       |       ||    12
         Broad axe         |       |       |       |       |       |   252 |   838 |     3 ||  1093
 Invoke: Berserk           |     2 |     2 |     6 |    12 |    24 |    29 |    25 |       ||   100
         Trog's Hand       |       |       |       |     3 |     5 |    13 |     8 |       ||    29
         Brothers in Arms  |       |       |       |     1 |       |       |       |       ||     1
Ability: Evoke Invisibilit |       |       |       |       |       |       |     1 |       ||     1
  Evoke: Wand              |       |       |       |     7 |     2 |     3 |       |       ||    12
    Use: Scroll            |     1 |     6 |     8 |    10 |     5 |    13 |     9 |       ||    52
         Potion            |       |       |     2 |       |     7 |    23 |    10 |       ||    42
   Stab: Invisible         |       |       |       |       |       |       |     3 |       ||     3
 Armour: Scale mail        |    19 |    26 |       |       |       |       |       |       ||    45
         Chain mail        |       |    16 |    77 |   195 |    45 |       |       |       ||   333
         Crystal plate arm |       |       |       |       |   436 |   343 |   259 |    10 ||  1048
         Plate armour      |       |       |       |       |       |   207 |   222 |       ||   429
  Dodge: Dodged            |    24 |    74 |   145 |   209 |   315 |   229 |   200 |     1 ||  1197
  Block: Other             |       |    12 |    55 |    14 |       |       |       |       ||    81
         Reflection        |       |     1 |     1 |     8 |    29 |    61 |    54 |     1 ||   155
         Kite shield       |       |       |       |   339 |  1173 |   995 |   893 |     9 ||  3409
